 Dungeon Crawl Stone Soup version 0.22-a0-379-ga9d99d6 (webtiles) character file.

10181 wirefist the Basher (level 11, -11/133 HPs)
             Began as a Demonspawn Berserker on Apr 29, 2018.
             Was an Elder of Trog.
             Mangled by a seven-headed hydra (12 damage)
             ... on level 10 of the Dungeon.
             The game lasted 00:25:13 (9934 turns).

wirefist the Basher (Demonspawn Berserker)          Turns: 9934, Time: 00:25:13

Health: -11/133    AC:  9    Str: 30    XL:     11   Next: 32%
Magic:  0/11       EV: 16    Int:  9    God:    Trog [****..]
Gold:   363        SH:  0    Dex: 14    Spells: 10/10 levels left

rFire    . . .     SeeInvis .   E - +12 flail of Watchfulness {crush, MR+}
rCold    . . .     Gourm    +   (no shield)
rNeg     . . .     Faith    .   H - +0 troll leather armour
rPois    .         Spirit   +   (no helmet)
rElec    .         Reflect  .   v - scarf {Spirit}
rCorr    .         Harm     .   x - +0 pair of gloves
MR       +....                  (no boots)
Stlth    ..........             I - amulet of the gourmand
HPRegen  0.72/turn              A - +3 ring of strength
MPRegen  0.12/turn              y - +3 ring of strength

@: berserking, drained, very quick
A: hooves 2, molten scales 2, rot immunity
a: Berserk, Trog's Hand, Brothers in Arms, Renounce Religion


You were on level 10 of the Dungeon.
You worshipped Trog.
Trog was greatly pleased with you.
You were very full.

You visited 2 branches of the dungeon, and saw 12 of its levels.

You collected 551 gold pieces.
You spent 188 gold pieces at shops.

Inventory:

Hand Weapons
 E - the +12 flail of Watchfulness (weapon) {crush, MR+}
   (You took it off an orc on level 5 of the Dungeon)

   It inflicts extra damage upon your enemies.
   It affects your resistance to hostile enchantments.
 L - the +1 hunting sling "Wuemn" {velocity, Int+6 Dex+3}
   (You found it on level 10 of the Dungeon)

   Any stone fired from it inflicts extra damage.
   It affects your intelligence (+6).
   It affects your dexterity (+3).
Armour
 b - a +1 animal skin
 n - a scarf of spirit shield
 v - a scarf of spirit shield (worn)
 x - a +0 pair of gloves (worn)
 z - a +1 scale mail of cold resistance
 H - a +0 troll leather armour (worn)
Jewellery
 a - an uncursed ring of ice
 j - an uncursed amulet of faith
 q - an uncursed ring of protection from cold
 y - a +3 ring of strength (right hand)
 A - a +3 ring of strength (left hand)
 I - an amulet of the gourmand (around neck)
 M - an uncursed ring of teleportation
Wands
 t - a wand of polymorph (12)
Scrolls
 g - 4 scrolls of remove curse
 h - 8 scrolls of teleportation
 l - a scroll of enchant armour
 p - 5 scrolls of identify
 w - a scroll of blinking
 C - 2 scrolls of immolation
 F - 3 scrolls of noise
 G - 4 scrolls of magic mapping
 K - a scroll of holy word
Potions
 d - 5 potions of lignification
 e - 2 potions of invisibility
 f - 2 potions of magic
 i - a potion of berserk rage
 k - a potion of heal wounds
 m - 3 potions of curing
 o - 2 potions of agility
 s - a potion of resistance
 u - a potion of degeneration
 B - 3 potions of haste
 J - a potion of ambrosia
Comestibles
 c - 23 rations
 r - a chunk of flesh


   Skills:
 + Level 9.3(9.1) Fighting
   Level 6.0(5.9) Long Blades
 * Level 9.9(9.7) Maces & Flails
 + Level 4.8(4.6) Armour
 + Level 7.9(7.7) Dodging


You had 10 spell levels left.
You didn't know any spells.

Dungeon Overview and Level Annotations

Branches:
Dungeon (11/15)            Temple (1/1) D:7            Lair (0/6) D:11
    Orc (0/2) D:11

Altars:
Ashenzari
Cheibriados
Dithmenos
Elyvilon
Fedhas
Gozag
Hepliaklqana
Kikubaaqudgha
Makhleb
Nemelex Xobeh
Okawaru
Qazlal
Ru
Sif Muna
Trog
Uskayaw
Vehumet
Wu Jian
Xom
Yredelemnul
Zin
The Shining One

Shops:
D:4 (


Innate Abilities, Weirdness & Mutations

You have hoof-like feet.
You are mostly covered in molten scales. (AC +3)
You are immune to rotting.


Message History

* * * LOW HITPOINT WARNING * * *
The seven-headed hydra bites you!
* * * LOW HITPOINT WARNING * * *
The seven-headed hydra closely misses you.
The seven-headed hydra bites you!
* * * LOW HITPOINT WARNING * * *
You bludgeon the seven-headed hydra!! You kick the seven-headed hydra!
The seven-headed hydra is severely wounded.
You barely miss the seven-headed hydra.
The seven-headed hydra is severely wounded.
The seven-headed hydra barely misses you.
The seven-headed hydra bites you.
* * * LOW HITPOINT WARNING * * *
The seven-headed hydra bites you but does no damage.
The seven-headed hydra bites you.
* * * LOW HITPOINT WARNING * * *
The seven-headed hydra bites you!
* * * LOW HITPOINT WARNING * * *
The seven-headed hydra bites you!
You die...

.#..)### #..# ####...###
######..#############
.#####.).####.............(......
...#####.((####..................
##...#####...##..................
###...#####(##..................
###...###.##..................
###...#.#...>...............
###...#..@................
###.####D.############## #.# #..#
###.# #..# ###...#
#..##############
###...#.####....)...........
###..(###.#......).....[......
###...#####.#.##################
##...#####.....#


You could see a seven-headed hydra.

Vanquished Creatures
  Snorg (D:10)
  Fannar (D:10)
  Nergalle (D:10)
  An unseen horror (D:9)
  A cyclops (D:11)
  A gargoyle (D:11)
  A centaur skeleton (D:6)
  A troll (D:8)
  The ghost of wirefist the Cudgeler, an amateur DsBe of Trog (D:4)
  2 hippogriffs
  3 wyverns
  A spriggan (D:7)
  5 yaks (D:10)
  A steam dragon (D:10)
  A hungry ghost (D:10)
  A human (D:11)
  A warg (D:11)
  A water moccasin (D:9)
  2 orc warriors
  3 ice beasts
  2 sky beasts
  3 ogres
  A centaur (D:10)
  2 big kobolds (D:7)
  4 bullfrogs
  A wyvern zombie (D:9)
  A scorpion (D:7)
  2 electric eels (D:8)
  14 wights
  4 howler monkeys
  6 crimson imps
  A hound (D:6)
  6 orc priests
  A jelly (D:6)
  10 orc wizards
  A bullfrog skeleton (D:5)
  Terence (D:3)
  4 iguanas
  Ijyb (D:3)
  5 worker ants
  2 worker ant zombies
  6 gnolls
  10 adders
  3 shadow imps
  3 adder skeletons
  2 worms
  6 dart slugs
  5 leopard geckos
  43 orcs
  2 ball pythons
  5 giant cockroaches
  3 goblins
  5 hobgoblins
  11 jackals
  17 kobolds
  3 quokkas
  9 bats
  8 frilled lizards
  A quokka zombie (D:8)
  10 rats
254 creatures vanquished.

Vanquished Creatures (collateral kills)
  Joseph (D:9)
  2 wights (D:6)
  An orc (D:6)
  A jackal (D:6)
5 creatures vanquished.

Vanquished Creatures (others)
  A plant (D:8)
1 creature vanquished.

Grand Total: 260 creatures vanquished

Notes
Turn   | Place    | Note
-------+----------+-------------------------------------------
     0 | D:1      | wirefist the Demonspawn Berserker began the quest for the Orb.
     0 | D:1      | Reached XP level 1. HP: 18/18 MP: 1/1
   225 | D:1      | Gained mutation: You are partially covered in molten scales. (AC +2) [demonic ancestry]
   225 | D:1      | Reached XP level 2. HP: 15/24 MP: 2/2
   653 | D:1      | Reached ** piety under Trog
   768 | D:1      | Reached XP level 3. HP: 29/29 MP: 3/3
  1418 | D:2      | Found a blossoming altar of Fedhas.
  1418 | D:2      | Found a shattered altar of Ashenzari.
  1419 | D:2      | Found a shimmering altar of Xom.
  1448 | D:2      | Gained mutation: You have large cloven feet. [demonic ancestry]
  1448 | D:2      | Reached XP level 4. HP: 20/37 MP: 2/4
  1491 | D:2      | Found a sparkling altar of Nemelex Xobeh.
  1545 | D:2      | Found an ornate altar of the Wu Jian Council.
  2586 | D:3      | Noticed Ijyb
  2592 | D:3      | Killed Ijyb
  2592 | D:3      | Reached XP level 5. HP: 42/42 MP: 5/5
  2648 | D:3      | Found a sparkling altar of Nemelex Xobeh.
  2743 | D:3      | Reached *** piety under Trog
  2907 | D:3      | Noticed Terence
  2915 | D:3      | Killed Terence
  3127 | D:4      | Noticed wirefist's ghost (amateur DsBe)
  3136 | D:4      | Killed wirefist's ghost
  3136 | D:4      | Reached skill level 5 in Long Blades
  3136 | D:4      | Gained mutation: You are immune to rotting. [demonic ancestry]
  3136 | D:4      | Reached XP level 6. HP: 49/49 MP: 4/6
  3701 | D:4      | Found Anisuq Diff's Antique Weapon Shop.
  3704 | D:4      | Bought a runed long sword for 188 gold pieces
  3780 | D:5      | Entered Level 5 of the Dungeon
  3792 | D:5      | Noticed an ice beast
  3796 | D:5      | Killed an ice beast
  3796 | D:5      | Reached XP level 7. HP: 43/55 MP: 4/7
  3976 | D:5      | Reached skill level 5 in Fighting
  3978 | D:5      | Got a crystal flail {crush}
  3987 | D:5      | Identified the +12 flail of Watchfulness {crush, MR+} (You took it off an orc on level 5 of the Dungeon)
  4409 | D:5      | Reached skill level 1 in Maces & Flails
  4648 | D:6      | Reached **** piety under Trog
  4767 | D:6      | Gained mutation: You have hoof-like feet. [demonic ancestry]
  4767 | D:6      | Reached XP level 8. HP: 52/64 MP: 6/8
  5001 | D:6      | Reached skill level 5 in Dodging
  5143 | D:6      | Reached skill level 5 in Maces & Flails
  5225 | D:6      | Found a snail-covered altar of Cheibriados.
  5407 | D:7      | Reached XP level 9. HP: 69/71 MP: 9/9
  5445 | D:7      | Found a shimmering altar of Xom.
  5446 | D:7      | Found a shimmering altar of Xom.
  5448 | D:7      | Found a shimmering altar of Xom.
  5449 | D:7      | Found a shimmering altar of Xom.
  5449 | D:7      | Found a shimmering altar of Xom.
  5449 | D:7      | Found a shimmering altar of Xom.
  5451 | D:7      | Found a shimmering altar of Xom.
  5484 | D:7      | Found a staircase to the Ecumenical Temple.
  5519 | Temple   | Entered the Ecumenical Temple
  5715 | D:7      | Reached ***** piety under Trog
  5722 | D:7      | HP: 5/106 [orc warrior/war axe (8)]
  6156 | D:7      | Noticed a water nymph
  6498 | D:8      | Noticed a troll
  6523 | D:8      | Killed a troll
  7727 | D:9      | Killed an unseen horror
  7727 | D:9      | Gained mutation: You are mostly covered in molten scales. (AC +3) [demonic ancestry]
  7727 | D:9      | Reached XP level 10. HP: 80/80 MP: 6/10
  7906 | D:9      | Noticed Joseph
  7913 | D:9      | Killed Joseph
  8555 | D:10     | Entered Level 10 of the Dungeon
  8643 | D:10     | Got a bloodstained hunting sling
  8644 | D:10     | Identified the cursed +1 hunting sling "Wuemn" {velocity, Int+6 Dex+3} (You found it on level 10 of the Dungeon)
  8713 | D:10     | Noticed Fannar
  8714 | D:10     | Noticed Snorg
  8721 | D:10     | Killed Snorg
  8728 | D:10     | Killed Fannar
  9166 | D:10     | Reached XP level 11. HP: 59/87 MP: 7/11
  9309 | D:10     | Noticed Nergalle
  9317 | D:10     | Killed Nergalle
  9683 | D:11     | Found a staircase to the Lair.
  9898 | D:11     | Found a staircase to the Orcish Mines.
  9901 | D:11     | Noticed a seven-headed hydra
  9934 | D:10     | HP: 1/133 [seven-headed hydra (12)]
  9934 | D:10     | Mangled by a seven-headed hydra

Vault maps used:
D:1:      minmay_arrival_widening_spiral_narrow, corexii_item_surrounded_by_moat
D:2:      nicolae_overflow_hidden_temple, nicolae_overflow_crystal_walls,
          gammafunk_temple_overflow_forgotten, minmay_misc_feat_diagonals
D:3:      first_ration, nemelex_spade_bored_becter, uniq_ijyb, uniq_terence
D:4:      serial_shops, kennysheep_mini_moat
D:6:      kennysheep_mini
D:7:      minmay_temple_entry_junction, the_bakery, xom_shifter_show
D:8:      serial_bayou, serial_bayou_shore_a, serial_bayou_lagoon_a,
          serial_bayou_pond_e, serial_bayou_pond_a, kennysheep_generic_room_12
D:9:      uniq_joseph
D:10:     nicolae_benzene_ring, uniq_snorg, uniq_nergalle, uniq_fannar
D:11:     lair_entry_dummy, erik_orc_4, minmay_radiant
Temple:   regret_index_temple_sphere_string

Skill      XL: |  1  2  3  4  5  6  7  8  9 10 11 |
---------------+----------------------------------+-----
Long Blades    | 3 4 5 6 |  6.0
Dodging        | 2 3 4 5 6 7 |  7.9
Fighting       | 4 5 6 8 9 |  9.3
Maces & Flails | 2 5 7 9 |  9.9
Armour         | 2 4 |  4.8

Action                   |  1- 3 |  4- 6 |  7- 9 | 10-12 || total
-------------------------+-------+-------+-------+-------++-------
Melee: Falchion          |   127 |   127 |       |       ||   254
       Kick              |       |    43 |    49 |    48 ||   140
       Long sword        |       |     6 |    20 |       ||    26
       Flail             |       |       |   189 |   169 ||   358
Invok: Berserk           |       |     4 |     8 |     8 ||    20
       Trog's Hand       |       |     2 |     2 |     5 ||     9
       Brothers in Arms  |       |       |     1 |     1 ||     2
  Use: Scroll            |     1 |     2 |     9 |    14 ||    26
       Potion            |       |       |     1 |       ||     1
 Stab: Sleeping          |     2 |       |     1 |       ||     3
  Eat: Chunk             |     2 |    10 |    18 |    32 ||    62
       Ration            |       |       |     1 |       ||     1
Armor: Animal skin       |    45 |    35 |    27 |       ||   107
       Skin              |       |       |     1 |       ||     1
       Troll leather arm |       |       |    33 |    48 ||    81
Dodge: Dodged            |    88 |   109 |   153 |   122 ||   472
       Rpst.: Falchion   |    28 |    38 |       |       ||    66
       Long sword        |       |     2 |     5 |       ||     7

Table legend:
 A = Spawn XP
 B = Non-spawn XP
 C = Spawn XP percentage of total XP
 D = Spawn monster count
 E = Non-spawn monster count
 F = Spawn count percentage of total count
 G = Total turns spent on level
                    A         B        C        D         E        F      G
               +---------+---------+-------+---------+---------+-------+---------
         Total |       0 |   14545 |   0.0 |       0 |     259 |   0.0 |  9934
               +---------+---------+-------+---------+---------+-------+---------
           D:1 |       0 |      44 |   0.0 |       0 |      22 |   0.0 |   953
           D:2 |       0 |      77 |   0.0 |       0 |      16 |   0.0 |  1067
           D:3 |       0 |     184 |   0.0 |       0 |      38 |   0.0 |  1087
           D:4 |       0 |     360 |   0.0 |       0 |       7 |   0.0 |   673
           D:5 |       0 |     515 |   0.0 |       0 |      15 |   0.0 |   863
           D:6 |       0 |    1399 |   0.0 |       0 |      29 |   0.0 |   708
           D:7 |       0 |    1199 |   0.0 |       0 |      27 |   0.0 |  1206
           D:8 |       0 |    1520 |   0.0 |       0 |      29 |   0.0 |   968
           D:9 |       0 |    2162 |   0.0 |       0 |      25 |   0.0 |   866
          D:10 |       0 |    5091 |   0.0 |       0 |      29 |   0.0 |  1086
          D:11 |       0 |    1994 |   0.0 |       0 |      22 |   0.0 |   293
               +---------+---------+-------+---------+---------+-------+---------
